 Dungeon Crawl Stone Soup version 0.30-a0-123-g91d0c66ccf (webtiles) character file.

Game seed: 17069877822940199235

32676 freelancePsychic the Fighter (level 13, -2/146 HPs)
             Began as an Ogre Wanderer on Sept 18, 2022.
             Was a High Priest of Vehumet.
             Slain by a seven-headed hydra (5 damage)
             ... on level 3 of the Lair of Beasts.
             The game lasted 00:42:15 (21976 turns).

freelancePsychic the Fighter (Ogre Wanderer)       Turns: 21976, Time: 00:42:16

Health: -2/146     AC:  9    Str: 21    XL:     13   Next: 66%
Magic:  4/25       EV: 10    Int: 30    God:    Vehumet [*****.]
Gold:   632        SH:  5    Dex:  5    Spells: 11/29 levels left

rFire   . . .      SeeInvis +    S - +9 quick blade of Wisdom {flame, rC+ Str+4}
rCold   + + .      Faith    .    (no shield)
rNeg    . . .      Spirit   .    T - +0 steam dragon scales
rPois   .          Reflect  +    l - +3 crown of Dyrovepreva {rElec Int+2 SInv}
rElec   +          Harm     .    (no cloak)
rCorr   +          Rampage  .    (gloves unavailable)
Will    +....                    (boots unavailable)
Stlth   +.........               z - amulet of reflection
HPRegen 0.34/turn                s - ring of Xafuis {rC+ rCorr Slay+3}
MPRegen 0.19/turn                p - +6 ring of intelligence

@: no status effects
A: large, unfitting armour, tough skin 1
a: Renounce Religion


You were on level 3 of the Lair of Beasts.
You worshipped Vehumet.
Vehumet was extremely pleased with you.
You visited 2 branches of the dungeon, and saw 15 of its levels.
You also visited: Bailey.

You collected 1009 gold pieces.
You spent 377 gold pieces at shops.

Inventory:

Hand Weapons
 S - the +9 quick blade of Wisdom (weapon) {flame, rC+ Str+4}
   (You bought it in a shop on level 9 of the Dungeon)

   It burns those it strikes, dealing additional fire damage.
   Str:       It affects your strength (+4).
   rC:        It protects you from cold.
Missiles
 v - 25 boomerangs
Armour
 c - a +0 robe
 l - the +3 crown of Dyrovepreva (worn) {rElec Int+2 SInv}
   (You acquired it on level 9 of the Dungeon)

   Int:       It affects your intelligence (+2).
   rElec:     It insulates you from electricity.
   SInv:      It lets you see invisible.
 r - the +2 robe of the Old World {rF+ Stlth+}
   (You found it on level 7 of the Dungeon)

   rF:        It protects you from fire.
   Stlth:     It makes you more stealthy.
 I - a +0 troll leather armour
 O - the +1 cloak of Mental Paralysis {Will+ Int+3 Dex-5}
   (You found it on level 10 of the Dungeon)

   Int:       It affects your intelligence (+3).
   Dex:       It affects your dexterity (-5).
   Will:      It increases your willpower.
 T - +0 steam dragon scales (worn)
Jewellery
 g - a ring of poison resistance
 m - a ring of see invisible
 p - a +6 ring of intelligence (right hand)
 s - the ring of Xafuis (left hand) {rC+ rCorr Slay+3}
   (You found it on level 5 of the Dungeon)

   [ring of resist corrosion]

   Slay:      It affects your accuracy & damage with ranged weapons and melee
   (+3).
   rC:        It protects you from cold.
   rCorr:     It protects you from acid and corrosion.
 z - an amulet of reflection (around neck)
 J - a ring of flight
 Q - a ring of protection from fire
 U - a ring of fire
Wands
 h - a wand of digging (6)
 q - a wand of flame (18)
 C - a wand of paralysis (4)
 K - a wand of roots (11)
 P - a wand of mindburst (11)
Scrolls
 a - a scroll of amnesia
 d - 4 scrolls of vulnerability
 e - 6 scrolls of poison
 i - 2 scrolls of immolation
 n - a scroll of magic mapping
 o - a scroll of enchant armour
 u - 2 scrolls of fear
 y - a scroll of brand weapon
 B - 2 scrolls of teleportation {@r4}
 D - a scroll of fog
 F - a scroll of summoning
 M - a scroll of blinking
Potions
 b - 2 potions of haste {unknown}
 f - 2 potions of invisibility {unknown}
 j - 4 potions of berserk rage {unknown}
 k - 2 potions of degeneration
 t - a potion of ambrosia
 w - a potion of magic {unknown}
 x - 3 potions of mutation {unknown}
 A - 3 potions of heal wounds {@q2}
 G - 3 potions of might
 H - 2 potions of curing {@q1}
 N - 3 potions of flight {unknown}
 R - 2 potions of resistance {unknown}
Miscellaneous
 E - a phial of floods
 L - a phantom mirror


   Skills:
 - Level 14.0 Fighting
 - Level 8.0 Short Blades
 - Level 1.0 Throwing
 + Level 2.0 Armour
 - Level 4.0 Dodging
 - Level 2.1 Stealth
 - Level 8.5 Spellcasting
 + Level 8.3 Conjurations
 - Level 3.5 Summonings
 + Level 10.7 Air Magic
 - Level 5.1 Earth Magic


You had 11 spell levels left.
You knew the following spells:

 Your Spells              Type           Power      Damage    Failure   Level
a - Stone Arrow           Conj/Erth      100%       3d13      1%          3
b - Call Canine Familiar  Summ           33%        N/A       3%          3
c - Static Discharge      Conj/Air       100%       2-7/arc   1%          2
d - Airstrike             Air            33%        2d(5-21)  1%          4
e - Arcjolt               Conj/Air       31%        1d41      1%          5
f - Summon Small Mammal   Summ           100%       N/A       1%          1

Your spell library contained the following spells:

 Spells                   Type           Power      Damage    Failure   Level
 Shock                    Conj/Air       100%       1d9       1%          1
 Kindle Blastsparks       Fire/Tloc/Air  68%        2d15      1%          3
 Mephitic Cloud           Conj/Pois/Air  50%        N/A       1%          3
 Swiftness                Air            67%        N/A       1%          3
 Ensorcelled Hibernation  Hex/Ice        24%        N/A       6%          2
 Animate Armour           Summ/Erth      76%        N/A       7%          4
 Spider Form              Tmut/Pois      12%        N/A       12%         3
 Anguish                  Hex/Necr       6%         N/A       38%         4
 Lehudib's Crystal Spear  Conj/Erth      26%        10d7      98%         8


Dungeon Overview and Level Annotations

Branches:
Dungeon (12/15)            Temple (0/1) D:6            Lair (3/5) D:9
  Snake (0/4) Lair:3          Orc (0/2) D:11         Bailey (visited)
  Swamp: Lair:2-3    Shoals: Lair:2-3

Altars:
Dithmenos
Elyvilon
Kikubaaqudgha
Okawaru
Qazlal
Trog
Vehumet
Xom
The Shining One

Shops:
D:9 *


Innate Abilities, Weirdness & Mutations

You are too large for most types of armour.
You have tough skin. (AC +1)


Message History

The komodo dragon is almost dead.
The hell rat is almost dead.
You kill the hell rat!
Vehumet accepts your kill. The seven-headed hydra bites you.
The seven-headed hydra bites you! x3
The seven-headed hydra bites you but does no damage.
The seven-headed hydra bites you.
You block the seven-headed hydra's attack.
Casting: Arcjolt (mildly dangerous; 1% risk of failure)
Confirm with . or Enter, or press ? or * to list all spells.
Electricity surges outward!
You kill the komodo dragon!
Vehumet accepts your kill.
You feel your power returning.
The seven-headed hydra is almost dead.
The fungus is heavily damaged.
You kill the hell rat!
Vehumet accepts your kill.
A nearby fungus withers and dies.
You block the seven-headed hydra's attack.
The seven-headed hydra closely misses you.
The seven-headed hydra bites you. The seven-headed hydra misses you.
The seven-headed hydra bites you but does no damage.
You block the seven-headed hydra's attack.
The seven-headed hydra bites you but does no damage.
Your Armour skill increases to level 2!
Casting: Arcjolt (mildly dangerous; 1% risk of failure)
Confirm with . or Enter, or press ? or * to list all spells.
Electricity surges outward!
The seven-headed hydra is almost dead.
The seven-headed hydra bites you!
* * * LOW HITPOINT WARNING * * *
The seven-headed hydra bites you!
* * * LOW HITPOINT WARNING * * *
The seven-headed hydra completely misses you.
The seven-headed hydra bites you.
* * * LOW HITPOINT WARNING * * *
The seven-headed hydra bites you!
* * * LOW HITPOINT WARNING * * *
The seven-headed hydra bites you.
You die...

.!.# ..... ......
...... ......
###......
##.....#
##.@....#
#.†D.#.##.
#†.....#..
##.........# ..
#†.#....#..( ....
## ##.#....♣♣ ♣♣
.... #.##..#.##♣♣
....#####.....÷.#
......#.##....#.#


You could see a seven-headed hydra.

Vanquished Creatures
  A dire elephant (Lair:2)
  2 hydras
  A catoblepas (Lair:2)
  An anaconda (Lair:1)
  A death yak (Lair:1)
  2 two-headed ogres
  A boulder beetle (D:11)
  A cyclops (D:10)
  A manticore (Lair:1)
  11 elephants
  5 black mambas
  2 torpor snails
  5 cane toads
  A rime drake (Lair:2)
  An unseen horror (D:11)
  2 komodo dragons (Lair:3)
  5 polar bears
  4 trolls
  2 vampires
  4 wyverns
  54 yaks
  A wraith (D:11)
  4 basilisks
  2 steam dragons
  A warg (D:11)
  A naga (Lair:3)
  A swamp worm (Lair:3)
  9 water moccasins
  2 acid dragons
  6 orc warriors
  An ice beast (D:6)
  A sky beast (D:7)
  A black bear (D:9)
  A centaur (D:8)
  8 wolves
  Blork the orc (D:4)
  8 kobold brigands
  5 bullfrogs
  2 gnoll sergeants
  A necrophage (D:5)
  2 wights (D:7)
  6 killer bees (D:8)
  An electric eel (Lair:1)
  A howler monkey (D:10)
  3 orc priests
  A gnoll bouda (D:8)
  6 orc wizards
  2 iguanas
  9 hell rats
  4 adders
  12 gnolls
  2 ufetubi
  A dart slug (D:3)
  17 orcs
  4 endoplasms
  2 giant cockroaches
  4 hobgoblins
  A jackal (D:1)
  23 kobolds
  2 quokkas
  3 ball pythons
  4 bats
  2 frilled lizards (D:1)
  12 goblins
  3 rats
290 creatures vanquished.

Vanquished Creatures (collateral kills)
  Prince Ribbit (D:6)
  Sigmund (D:3)
  A black bear (D:4)
  2 ogres
  A phantom (D:5)
  A kobold brigand (D:3)
  4 scorpions
  2 wights (D:7)
  A hound (D:5)
  3 jellies (D:5)
  An orc priest (D:5)
  An iguana (D:5)
  5 adders
  A shadow imp (D:6)
  A nameless horror (D:4)
  2 ufetubi (D:5)
  2 worms (D:5)
  A dart slug (D:3)
  9 orcs
  4 bats
  A giant cockroach (D:1)
  4 goblins
  4 hobgoblins
  3 jackals (D:1)
  5 quokkas
  A ball python (D:2)
  4 kobolds
  A rat (D:1)
67 creatures vanquished.

Vanquished Creatures (others)
  22 fungi
  18 plants
40 creatures vanquished.

Grand Total: 397 creatures vanquished

Notes
Turn   | Place    | Note
-------+----------+-------------------------------------------
     0 | D:1      | freelancePsychic the Ogre Wanderer began the quest for the
                  | Orb.
     0 | D:1      | freelancePsychic set off with the following items: a +0
                  | club, a scroll of blinking, a +0 robe, a potion of
                  | lignification; and the following spells available to
                  | memorise: Summon Small Mammal, Shock, Call Canine Familiar,
                  | Kindle Blastsparks, Mephitic Cloud.
     0 | D:1      | Reached XP level 1. HP: 19/19 MP: 2/2
     2 | D:1      | Learned a level 1 spell: Summon Small Mammal
   578 | D:1      | Reached XP level 2. HP: 25/27 MP: 1/4
  1441 | D:1      | Found a faded altar of an unknown god.
  1563 | D:1      | Reached XP level 3. HP: 29/33 MP: 3/6
  2836 | D:2      | Reached XP level 4. HP: 6/41 MP: 7/7
  2845 | D:2      | HP: 2/41 [adder (3)]
  2852 | D:2      | HP: 2/41 [bat (1)]
  3355 | D:3      | Found a glowing golden altar of the Shining One.
  3411 | D:2      | Learned a level 3 spell: Call Canine Familiar
  3489 | D:3      | Found a radiant altar of Vehumet.
  3495 | D:3      | Became a worshipper of Vehumet
  3882 | D:3      | Noticed a kobold brigand
  3928 | D:3      | Killed a kobold brigand
  3929 | D:3      | Reached skill level 3 in Fighting
  3929 | D:3      | Reached XP level 5. HP: 28/53 MP: 2/10
  4108 | D:3      | Noticed Sigmund
  4894 | D:3      | Killed Sigmund
  4895 | D:3      | Reached skill level 4 in Fighting
  4895 | D:3      | Reached XP level 6. HP: 46/63 MP: 0/13
  5076 | D:4      | Noticed a black bear
  5079 | D:4      | Noticed Blork the orc
  5174 | D:4      | Reached skill level 5 in Fighting
  5174 | D:4      | Reached skill level 5 in Spellcasting
  5446 | D:4      | Killed a black bear
  5446 | D:4      | Reached * piety under Vehumet
  5446 | D:4      | Offered knowledge of Magic Dart by Vehumet.
  5447 | D:4      | Reached XP level 7. HP: 46/72 MP: 5/15
  5574 | D:4      | Killed Blork the orc
  5774 | D:4      | Reached skill level 6 in Fighting
  6420 | D:5      | Entered Level 5 of the Dungeon
  6497 | D:5      | Found a shimmering altar of Xom.
  6641 | D:5      | Found a shadowy altar of Dithmenos.
  6685 | D:5      | Reached skill level 7 in Fighting
  6685 | D:5      | Reached XP level 8. HP: 64/87 MP: 5/17
  6884 | D:5      | Identified the ring of Xafuis {rC+ rCorr Slay+3}
  7305 | D:5      | Found an iron altar of Okawaru.
  7495 | D:5      | Reached skill level 8 in Fighting
  8166 | D:6      | Found an ancient bone altar of Kikubaaqudgha.
  8233 | D:6      | Found a staircase to the Ecumenical Temple.
  8366 | D:6      | Reached ** piety under Vehumet
  8366 | D:6      | Offered knowledge of Static Discharge by Vehumet.
  8370 | D:6      | Learned a level 2 spell: Static Discharge
  8497 | D:6      | Found a stormy altar of Qazlal.
  8698 | D:6      | Noticed Prince Ribbit
  8714 | D:6      | Killed Prince Ribbit
  8715 | D:6      | Reached skill level 9 in Fighting
  8715 | D:6      | Reached skill level 1 in Conjurations
  8715 | D:6      | Reached XP level 9. HP: 21/98 MP: 13/20
  9181 | D:7      | Identified the +2 robe of the Old World {rF+ Stlth+}
 10280 | D:7      | Found a white marble altar of Elyvilon.
 10608 | D:8      | Found a flagged portal.
 10627 | Bailey   | Entered a bailey
 10690 | Bailey   | Reached skill level 10 in Fighting
 11112 | Bailey   | Learned a level 3 spell: Stone Arrow
 11115 | Bailey   | Found a burning altar of Makhleb.
 11285 | D:8      | Found the +7 staff of the Meek {protect, meekguard}
 11486 | D:8      | Reached skill level 1 in Earth Magic
 11506 | D:8      | Offered knowledge of Searing Ray by Vehumet.
 11931 | D:8      | Reached skill level 11 in Fighting
 11931 | D:8      | Reached XP level 10. HP: 42/113 MP: 11/21
 12371 | D:8      | Noticed a cyclops
 12371 | D:8      | Noticed a centaur warrior
 12492 | D:9      | Reached skill level 5 in Conjurations
 13122 | D:9      | Identified a scroll of acquirement
 13122 | D:9      | Acquired the +3 crown of Dyrovepreva {rElec Int+2 SInv}
 13122 | D:9      | Found the +3 crown of Dyrovepreva {rElec Int+2 SInv}
 13167 | D:9      | Noticed a two-headed ogre
 13184 | D:9      | Killed a two-headed ogre
 13387 | D:9      | Reached skill level 12 in Fighting
 13400 | D:9      | Reached *** piety under Vehumet
 13617 | D:9      | Found Guitwyi's CLEARANCE SALE!.
 13721 | D:9      | Found a staircase to the Lair.
 13721 | D:9      | Noticed an elephant
 13737 | D:9      | Killed an elephant
 13738 | D:9      | Reached skill level 1 in Short Blades
 14071 | D:9      | Reached skill level 5 in Earth Magic
 14293 | D:10     | Entered Level 10 of the Dungeon
 14297 | D:10     | Reached XP level 11. HP: 123/123 MP: 15/22
 14563 | D:10     | Noticed a two-headed ogre
 14609 | D:10     | Identified the +1 cloak of Mental Paralysis {Will+ Int+3
                  | Dex-5}
 14632 | D:10     | Found a bloodstained altar of Trog.
 14643 | D:10     | Reached skill level 5 in Short Blades
 14832 | D:10     | Offered knowledge of Frozen Ramparts by Vehumet.
 15146 | D:10     | Killed a two-headed ogre
 15699 | D:10     | Noticed a cyclops
 15738 | D:9      | Bought the +9 quick blade of Wisdom {flame, rC+ Str+4} for
                  | 377 gold pieces
 15975 | D:11     | Found a staircase to the Orcish Mines.
 15999 | D:11     | Reached **** piety under Vehumet
 16036 | D:11     | Offered knowledge of Flame Wave by Vehumet.
 16037 | D:11     | Reached skill level 5 in Air Magic
 16345 | D:11     | Noticed a boulder beetle
 16373 | D:11     | Killed a boulder beetle
 16827 | D:11     | Learned a level 4 spell: Airstrike
 16873 | D:12     | Noticed a deep elf pyromancer
 16873 | D:12     | Noticed a cyclops
 16930 | D:10     | Killed a cyclops
 16931 | D:10     | Reached XP level 12. HP: 101/133 MP: 10/23
 17130 | Lair:1   | Entered Level 1 of the Lair of Beasts
 17188 | Lair:1   | Reached skill level 13 in Fighting
 18322 | Lair:1   | Noticed a dire elephant
 18812 | Lair:1   | Noticed an anaconda
 18817 | Lair:1   | Killed an anaconda
 18969 | Lair:1   | Reached skill level 14 in Fighting
 19333 | Lair:1   | Noticed a death yak
 19338 | Lair:1   | Killed a death yak
 19562 | Lair:2   | Reached ***** piety under Vehumet
 19562 | Lair:2   | Offered knowledge of Arcjolt by Vehumet.
 19569 | Lair:2   | Learned a level 5 spell: Arcjolt
 19572 | Lair:2   | Noticed an eight-headed hydra
 19584 | Lair:2   | Killed an eight-headed hydra
 19585 | Lair:2   | Reached skill level 1 in Dodging
 19589 | Lair:2   | Reached XP level 13. HP: 97/146 MP: 4/25
 19961 | Lair:2   | Killed a dire elephant
 19962 | Lair:2   | Reached skill level 10 in Air Magic
 21445 | Lair:3   | Found a staircase to the Snake Pit.
 21589 | Lair:3   | Reached skill level 1 in Armour
 21976 | Lair:3   | HP: 3/146 [seven-headed hydra (13)]
 21976 | Lair:3   | Slain by a seven-headed hydra

Illustrated notes

Levels and vault maps discovered:
D:1:      dpeg_arrival_morbid_curiosity, layout_basic,
          hellmonk_ecumenical_altar_zigzags, minivault_11, fountainhead,
          minmay_misc_feat_encased, minmay_misc_feat_diagonals
D:2:      layout_rooms, minmay_pentomino_p2
D:3:      layout_basic, nicolae_vehumet_radiance,
          mainiacjoe_overflow_tiny_flanked, uniq_sigmund
D:4:      layout_rooms, uniq_blork_the_orc
D:5:      layout_loops_ring, okawaru_trees_2, nicolae_dithmenos_the_darkroom,
          minmay_ruined_shrine
D:6:      layout_cave_pools, kennysheep_mini_moat, mainiacjoe_overflow_alcove_1,
          minmay_temple_entry_ruins, uniq_prince_ribbit1
D:7:      layout_gridville, overflow_temple_1_default
D:8:      minmay_the_grid_octo_triangle [minmay_the_grid_octo_fan_narrow,
          minmay_the_grid_octo_prize_big_c, minmay_the_grid_octo_concentric],
          layout_loops_ring, general_overflow_altar, kennysheep_little_box,
          mainiacjoe_overflow_chevrons, enter_bailey_5
D:9:      layout_basic, david_lair_generic, nicolae_shop_clearance
D:10:     layout_roguey, trog_ov_bears_minmay, grunt_tough_drop
D:11:     layout_roguey, david_orc_3
D:12:     layout_cave_pods, serial_shops, nicolae_shop_statue_plus,
          amcnicky_mini_pool_small, uniq_jorgrun
Lair:1:   layout_loops_ring, nicolae_lair_lakeside_cave
Lair:2:   layout_regular_city, infiniplex_staircase_pool_2
Lair:3:   layout_misc_corridors, palyth_hydra_swamp_entry,
          guppyfry_snake_entry_island, basic_altar, serial_bayou_pond_b

Skill      XL: |  1  2  3  4  5  6  7  8  9 10 11 12 13 |
---------------+----------------------------------------+-----
Summonings     | 2 3 |  3.5
Spellcasting   | 2 3 4 5 6 7 8 |  8.5
Fighting       | 3 4 5 7 9 11 12 14 | 14.0
Air Magic      | 2 4 6 9 10 | 10.7
Conjurations   | 1 4 6 8 |  8.3
Earth Magic    | 2 5 |  5.1
Short Blades   | 3 8 |  8.0
Dodging        | 1 4 |  4.0
Armour         | 2 |  2.0
Throwing       | |  1.0
Stealth        | |  2.1

Action                   |  1- 3 |  4- 6 |  7- 9 | 10-12 | 13-15 || total
-------------------------+-------+-------+-------+-------+-------++-------
Melee: Club              |   116 |       |       |       |       ||   116
       Rapier            |    11 |    91 |   223 |   162 |       ||   487
       Punch             |     2 |     1 |     2 |     5 |     1 ||    11
       Quick blade       |       |       |       |   244 |   107 ||   351
 Cast: Summon Small Mamm |    66 |    25 |    30 |     3 |       ||   124
       Call Canine Famil |       |    15 |    48 |     1 |       ||    64
       Static Discharge  |       |       |    51 |    33 |       ||    84
       Stone Arrow       |       |       |     1 |   128 |       ||   129
       Airstrike         |       |       |       |    42 |    26 ||    68
       Arcjolt           |       |       |       |     3 |    37 ||    40
Evoke: Wand              |       |       |     2 |       |       ||     2
  Use: Potion            |     6 |     1 |     4 |       |       ||    11
       Scroll            |     3 |     2 |     7 |     8 |       ||    20
 Stab: Sleeping          |     1 |     1 |     1 |     2 |       ||     5
       Paralysed         |       |       |     3 |       |       ||     3
Armor: Robe              |    71 |    51 |    63 |    74 |       ||   259
       Skin              |     5 |       |    14 |       |       ||    19
       Steam dragon scal |       |       |       |     2 |    39 ||    41
Dodge: Dodged            |   118 |    64 |   145 |   126 |    58 ||   511
Block: Other             |       |       |    37 |    58 |    25 ||   120
       Reflection        |       |       |       |     1 |       ||     1

Table legend: (Time is in decaauts)
 A = Elapsed time spent in this place.
 B = Non-inter-level travel time spent in this place.
 C = Inter-level travel time spent in this place.
 D = Time resting spent in this place.
 E = Time spent auto-exploring this place.
 F = Levels seen in this place.
 G = Mean time per level.
                   A        B        C        D        E       F      G
               +--------+--------+--------+--------+--------+-----+--------+
         Total |  21855 |  21195 |    660 |   2112 |  15879 |  16 | 1365.9 |
       Dungeon |  16711 |  16178 |    533 |   1528 |  12205 |  12 | 1392.6 |
          Lair |   4505 |   4378 |    127 |    432 |   3389 |   3 | 1501.7 |
        Bailey |    638 |    638 |      0 |    152 |    285 |   1 |  638.0 |
               +--------+--------+--------+--------+--------+-----+--------+

Top non-repeatable levels by time:
     D:9: 2263 daAuts
  Lair:1: 2150 daAuts
     D:3: 2137 daAuts
     D:1: 2094 daAuts
  Lair:2: 1691 daAuts
    D:10: 1469 daAuts
     D:7: 1451 daAuts
     D:5: 1401 daAuts
     D:2: 1313 daAuts
     D:8: 1310 daAuts
     D:6: 1301 daAuts
    D:11: 979 daAuts
     D:4: 935 daAuts
  Lair:3: 663 daAuts
  Bailey: 638 daAuts
